 Dungeon Crawl Stone Soup version 0.30.1-11-g7821555f0a (webtiles) character file.

Game seed: 15595307773299857212

54063 Okkudo the Severer (level 14, -16/133 HPs)
             Began as a Hill Orc Fighter on Nov 27, 2023.
             Was the Champion of Beogh.
             Demolished by a titanic slime creature (36 damage)
             ... on level 13 of the Dungeon on Nov 28, 2023.
             The game lasted 01:34:06 (16507 turns).

Okkudo the Severer (Hill Orc Fighter)              Turns: 16507, Time: 01:34:07

Health: -16/133    AC: 34    Str: 26    XL:     14   Next: 71%
Magic:  20/20      EV: 14    Int:  8    God:    Beogh [******]
Gold:   1263       SH:  7    Dex: 10    Spells: 13/13 levels left

rFire   . . .        I - +6 broad axe (protect)
rCold   . . .        c - +0 buckler
rNeg    + . .        H - +4 plate armour {rN+}
rPois   +            n - +0 helmet of Vih Liut {Regen+ Str+2 SInv}
rElec   .            m - +1 cloak
rCorr   .            V - +0 pair of gloves
SInv    +            G - +0 pair of boots
Will    +....        (no amulet) Stlth
                     Z - ring of poison resistance
HPRegen 1.22/turn    j - +5 ring of evasion
MPRegen 0.17/turn

%: no passive effects
@: under a protective aura
A: walk on water
a: Renounce Religion, Smiting, Recall Orcish Followers, Give Item to Named
Follower, Resurrection


You were on level 13 of the Dungeon.
You worshipped Beogh.
Beogh was exalted by your worship.
You visited 2 branches of the dungeon, and saw 18 of its levels.

You collected 1757 gold pieces.
You spent 494 gold pieces at shops.

Inventory:

Hand Weapons
 z - a +0 battleaxe of freezing
 D - a +3 sling
 I - a +6 broad axe of protection (weapon)
 X - the +8 great mace "Rijot" {chaos, rN+ Dex+2}
   (You subdued it on level 4 of the Lair of Beasts)

   Dex:       It affects your dexterity (+2).
   rN:        It protects you from negative energy.
Missiles
 q - 74 poisoned darts (quivered)
Armour
 a - +0 steam dragon scales
 c - a +0 buckler (worn)
 m - a +1 cloak (worn)
 n - the +0 helmet of Vih Liut (worn) {Regen+ Str+2 SInv}
   (You found it on level 2 of the Dungeon)

   Str:       It affects your strength (+2).
   SInv:      It lets you see invisible.
   Regen:     It increases your rate of health regeneration.
 G - a +0 pair of boots (worn)
 H - a +4 plate armour of positive energy (worn)
 P - +0 acid dragon scales
 V - a +0 pair of gloves (worn)
Jewellery
 d - a +4 ring of protection
 e - a ring of resist corrosion
 h - a ring of magical power
 j - a +5 ring of evasion (right hand)
 p - a +4 ring of slaying
 M - a ring of protection from cold
 O - a ring of flight
 Z - a ring of poison resistance (left hand)
Wands
 w - a wand of polymorph (3)
 K - a wand of mindburst (17)
 L - a wand of light (6)
 Q - a wand of charming (27)
 U - a wand of roots (1)
Scrolls
 b - 7 scrolls of vulnerability
 i - 3 scrolls of magic mapping
 l - a scroll of torment
 r - a scroll of teleportation
 t - 4 scrolls of fog
 u - 2 scrolls of immolation
 v - 2 scrolls of poison
 x - a scroll of brand weapon
 y - a scroll of noise
 A - 5 scrolls of blinking
 E - 2 scrolls of amnesia
 R - 5 scrolls of fear
 W - 5 scrolls of identify
Potions
 f - 11 potions of curing
 g - 5 potions of flight
 k - 2 potions of magic
 o - 2 potions of resistance
 s - 3 potions of degeneration
 B - 4 potions of heal wounds
 C - 3 potions of cancellation
 F - 2 potions of brilliance
 J - a potion of haste
 N - 4 potions of mutation
 T - 3 potions of attraction
 Y - a potion of might
Miscellaneous
 S - a tin of tremorstones (2/2)


   Skills:
 + Level 14.8 Fighting
 + Level 15.9 Axes
 + Level 13.7 Armour
 + Level 3.5 Dodging
 + Level 13.7 Shields
 * Level 8.3 Invocations


You had 13 spell levels left.
You didn't know any spells.
Your spell library contained the following spells:

 Spells                   Type           Power      Damage    Failure   Level
 Apportation              Tloc           0%         N/A       98%         1
 Kiss of Death            Conj/Necr      0%         2d5       98%         1
 Necrotise                Necr           0%         1d4       98%         1
 Sandblast                Erth           0%         2d4       98%         1
 Summon Small Mammal      Summ           0%         N/A       98%         1
 Passwall                 Tmut/Erth      0%         N/A       99%         2
 Call Canine Familiar     Summ           0%         N/A       100%        3
 Confusing Touch          Hex            0%         N/A       100%        3
 Ignite Poison            Fire/Tmut/Pois 0%         N/A       100%        3
 Inner Flame              Hex/Fire       0%         N/A       100%        3
 Portal Projectile        Hex/Tloc       0%         N/A       100%        3
 Stone Arrow              Conj/Erth      0%         3d7       100%        3
 Summon Guardian Golem    Hex/Summ       0%         N/A       100%        3
 Animate Dead             Necr           0%         N/A       100%        4
 Dispel Undead            Necr           0%         3d6       100%        4
 Flame Wave               Conj/Fire      0%         2d4       100%        4
 Leda's Liquefaction      Hex/Erth       0%         N/A       100%        4
 Sticky Flame             Conj/Fire      0%         2d3       100%        4
 Iskenderun's Battlesphe  Conj           0%         2d6       100%        5
 Iron Shot                Conj/Erth      0%         9d1       100%        6
 Haunt                    Necr/Summ      0%         N/A       100%        7
 Spellforged Servitor     Conj/Summ      0%         N/A       100%        7
 Ignition                 Fire           0%         3d3       100%        8
 Infestation              Necr           0%         N/A       100%        8


Dungeon Overview and Level Annotations

Branches:
Dungeon (13/15)            Temple (0/1) D:7            Lair (5/5) D:9
 Shoals (0/4) Lair:2       Spider (0/4) Lair:3        Slime (0/5) Lair:4
    Orc (0/2) D:9
 Vaults: D:13-14

Altars:
Elyvilon
Kikubaaqudgha
Makhleb
Qazlal
Trog
Vehumet
Wu Jian
Xom
The Shining One
Beogh
Jiyva

Shops:
D:2 [   D:5 [

Annotations:
Lair:4 exclusion: oklob plant


Message History

Two slime creatures merge to form an enormous slime creature.
The large slime creature hits you.
Two slime creatures merge to form a titanic slime creature.
You barely miss the titanic slime creature.
The titanic slime creature is lightly wounded.
You slash the large slime creature! You slash the slime creature!
The slime creature misses you.
The large slime creature hits you but does no damage.
The titanic slime creature hits you!!!
Urug unwields a +0 arbalest.
Urug wields a +6 eveningstar.
Urug hits the large slime creature with a +6 eveningstar!
You slice the titanic slime creature!!
The titanic slime creature is moderately wounded.
You hit the slime creature.
You catch the helpless large slime creature completely off-guard!
You slash the large slime creature!
Two slime creatures merge to form a large slime creature.
The titanic slime creature hits you. The large slime creature hits you!!
Urug hits the large slime creature with a +6 eveningstar!
Nergalle casts a spell at the large slime creature.
The bolt of negative energy hits the large slime creature!
The large slime creature is drained!
The large slime creature dies!
Beogh accepts your kill.
The bolt of negative energy hits the titanic slime creature!!!
The titanic slime creature is drained!
You completely miss the titanic slime creature.
The titanic slime creature is moderately wounded.
You hit the large slime creature. You barely miss the slime creature.
You block the slime creature's attack.
A large slime creature splits.
The titanic slime creature hits you!!!
* * * LOW HITPOINT WARNING * * *
Urug unwields a +6 eveningstar.
Urug wields a +0 arbalest.
Urug shoots a bolt.
The bolt hits the slime creature!!
You feel much better.
Nergalle hits the slime creature with a +0 dagger.
The slime creature barely misses you. The slime creature hits you!
* * * LOW HITPOINT WARNING * * *
The titanic slime creature hits you!!!
You die...

####...###.#
#.#...#.#
#<###...# #.#
###(# #.#
#.##### # ##.
#.#
#...o.#.#....
..# #####o#o..#
### #...oooo#
###.J@###
#...JJJ....#
#..........#
......<......#
###.../........
#..........#.
#..........#
#..........#


You could see a titanic slime creature (drained, ally target), 3 slime
creatures, the friendly Urug, the friendly Nergalle, a friendly orc wizard
(fast) and 4 friendly orcs.

Vanquished Creatures
  Gastronok (D:12)
  Frances (D:12)
  A dire elephant (Lair:5)
  2 hydras
  A two-headed ogre (D:12)
  3 death yaks
  5 skeletal warriors (D:12)
  The ghost of MoonRiver the Thaumaturge, a novice GnWn of Ru (D:7)
  3 lindwurms (Lair:5)
  A swamp dragon (Lair:5)
  Pikel (D:8)
  4 manticores
  An ugly thing (D:11)
  4 elephants
  3 black mambas
  A moth of wrath (D:7)
  Maurice (D:8)
  12 cane toads
  A torpor snail (Lair:5)
  2 gargoyles (D:12)
  An unseen horror (D:10)
  A rime drake (Lair:3)
  A kobold demonologist (D:12)
  5 komodo dragons
  5 trolls
  A wind drake (Lair:2)
  2 blink frogs (Lair:5)
  A dream sheep (Lair:5)
  6 slime creatures (D:12)
  A vampire (D:12)
  A shadow (D:11)
  A wraith (D:12)
  5 wyverns
  27 yaks
  A basilisk (Lair:5)
  A steam dragon (D:8)
  7 water moccasins
  2 acid dragons
  A swamp drake (Lair:5)
  4 orc warriors
  2 black bears
  A sky beast (D:8)
  6 wolves
  2 centaurs
  5 ogres
  A phantom (D:7)
  10 kobold brigands
  2 lemures (D:8)
  7 bullfrogs
  A gnoll sergeant (D:7)
  5 scorpions
  7 electric eels
  10 howler monkeys
  5 jellies
  3 orc priests (D:9)
  4 hounds
  3 iguanas
  2 sleepcaps (D:6)
  4 orc wizards
  8 adders
  4 gnolls (D:2)
  2 shadow imps (D:12)
  A white imp (D:7)
  An ufetubus (D:7)
  2 worms
  3 dart slugs
  19 orcs
  3 bats
  5 endoplasms
  2 giant cockroaches (D:1)
  5 goblins
  A hobgoblin (D:1)
  6 jackals (D:2)
  36 kobolds
  5 quokkas
  10 ball pythons
  4 frilled lizards
  5 kobold skeletons (D:12)
  12 kobold zombies (D:12)
  6 rats
343 creatures vanquished.

Vanquished Creatures (collateral kills)
  A fire dragon (Lair:5)
  The ghost of Tang the Fighter, a journeyman VSBr of Uskayaw (Lair:4)
  3 hydras
  A catoblepas (Lair:2)
  2 orc knights (Lair:5)
  A boulder beetle (Lair:5)
  A dancing weapon (Lair:4)
  8 death yaks
  An oklob plant (Lair:4)
  10 elephants
  A slime creature (D:13)
  2 black mambas (Lair:5)
  A torpor snail (Lair:4)
  5 cane toads
  2 rime drakes (Lair:5)
  5 komodo dragons
  2 polar bears
  3 blink frogs
  6 dream sheep
  A culicivora (Lair:3)
  2 wyverns (Lair:5)
  12 yaks
  A basilisk (Lair:5)
  4 water moccasins
  4 swamp drakes (Lair:5)
  An acid dragon (Lair:5)
  2 orc warriors (D:10)
  12 wolves
  2 kobold brigands (D:12)
  3 bullfrogs
  An electric eel (D:10)
  2 iguanas (Lair:5)
  An orc priest (D:10)
  An orc (D:10)
  3 kobolds (D:12)
  A kobold skeleton (D:12)
109 creatures vanquished.

Vanquished Creatures (others)
  2 orc warriors
  An orc wizard (D:4)
  4 orcs
7 creatures vanquished.

Grand Total: 459 creatures vanquished

Notes
Turn   | Place    | Note
-------+----------+-------------------------------------------
     0 | D:1      | Okkudo the Hill Orc Fighter began the quest for the Orb.
     0 | D:1      | Reached XP level 1. HP: 19/19 MP: 1/1
   155 | D:1      | Reached skill level 3 in Axes
   155 | D:1      | Reached XP level 2. HP: 27/27 MP: 2/2
   164 | D:1      | Found a faded altar of an unknown god.
   593 | D:1      | Reached XP level 3. HP: 33/33 MP: 3/3
   799 | D:2      | Identified the +0 helmet of Vih Liut {Regen+ Str+2 SInv}
  1003 | D:2      | Reached XP level 4. HP: 29/40 MP: 4/4
  1094 | D:2      | Found Beachax's Antique Armour Shoppe.
  1409 | D:3      | Reached skill level 4 in Axes
  1409 | D:3      | Reached XP level 5. HP: 47/47 MP: 5/5
  1431 | D:3      | Found a white marble altar of Elyvilon.
  1655 | D:3      | Found a shimmering altar of Xom.
  1655 | D:3      | Found a stormy altar of Qazlal.
  1935 | D:4      | You fall into a shaft and drop 3 floors!
  2016 | D:7      | Found a transporter.
  2019 | D:7      | Found a transporter.
  2033 | D:5      | Entered Level 5 of the Dungeon
  2033 | D:5      | Found the +6 shillelagh "Devastator" {shatter}
  2185 | D:4      | Became a worshipper of Beogh the Brigand
  2303 | D:4      | Found a glowing golden altar of the Shining One.
  2430 | D:5      | Noticed a centaur
  2433 | D:5      | Killed a centaur
  2434 | D:5      | Reached skill level 5 in Fighting
  2434 | D:5      | Reached XP level 6. HP: 55/56 MP: 6/6
  2460 | D:5      | Reached skill level 5 in Axes
  2471 | D:5      | Reached skill level 5 in Armour
  2471 | D:5      | Reached skill level 5 in Shields
  2483 | D:5      | Reached XP level 7. HP: 44/61 MP: 7/7
  2588 | D:5      | Reached skill level 6 in Axes
  2646 | D:5      | Reached XP level 8. HP: 64/71 MP: 8/8
  2656 | D:5      | Reached * piety under Beogh
  3003 | D:5      | Found Rausomas's Antique Armour Shop.
  3502 | D:6      | Reached skill level 7 in Axes
  3965 | D:7      | Found a staircase to the Ecumenical Temple.
  4035 | D:7      | Reached XP level 9. HP: 79/79 MP: 9/9
  4057 | D:7      | Found a bloodstained altar of Trog.
  4066 | D:7      | Noticed MoonRiver's ghost (novice GnWn)
  4068 | D:7      | Noticed a moth of wrath
  4104 | D:7      | Reached skill level 8 in Axes
  4199 | D:7      | Killed a moth of wrath
  4209 | D:7      | Killed MoonRiver's ghost
  4210 | D:7      | Reached skill level 9 in Axes
  4445 | D:7      | Reached ** piety under Beogh
  4788 | D:2      | Bought a runed plate armour for 494 gold pieces
  5126 | D:8      | Noticed Maurice
  5179 | D:8      | Killed Maurice
  5180 | D:8      | Reached XP level 10. HP: 86/91 MP: 10/10
  5266 | D:8      | Noticed Pikel
  5366 | D:8      | Identified the staff of death "Puixur" {rF+ rN+}
  5608 | D:8      | Killed Pikel
  5651 | D:8      | Reached skill level 10 in Axes
  5865 | D:9      | Found a staircase to the Lair.
  6086 | D:9      | Found a staircase to the Orcish Mines.
  6095 | D:9      | Found a roughly hewn altar of Beogh.
  6164 | D:9      | Reached skill level 10 in Fighting
  6691 | D:10     | Entered Level 10 of the Dungeon
  7037 | D:10     | Reached skill level 11 in Axes
  7037 | D:10     | Reached XP level 11. HP: 101/101 MP: 11/11
  7076 | D:10     | Reached *** piety under Beogh
  7458 | D:10     | Reached skill level 10 in Shields
  7731 | D:10     | Found an ornate altar of the Wu Jian Council.
  7731 | D:10     | Found a radiant altar of Vehumet.
  7731 | D:10     | Found a burning altar of Makhleb.
  7960 | D:11     | Found an ornate altar of the Wu Jian Council.
  8021 | D:11     | Reached skill level 10 in Armour
  8170 | D:11     | Noticed a green ugly thing
  8185 | D:11     | Killed a green ugly thing
  8647 | D:12     | Noticed Gastronok
  8663 | D:12     | Killed Gastronok
  8695 | D:12     | Reached skill level 12 in Axes
  8726 | D:12     | Noticed a skeletal warrior
  8727 | D:12     | Noticed a skeletal warrior
  8728 | D:12     | Noticed a skeletal warrior
  8753 | D:12     | Killed a skeletal warrior
  8768 | D:12     | Noticed a manticore
  8785 | D:12     | Killed a manticore
  8902 | D:12     | Noticed a skeletal warrior
  8920 | D:12     | Killed a skeletal warrior
  8923 | D:12     | Killed a skeletal warrior
  8924 | D:12     | Reached XP level 12. HP: 92/112 MP: 12/12
  8976 | D:12     | HP: 2/112 [skeletal warrior/+0 scimitar (24)]
  8995 | D:12     | Noticed a two-headed ogre
  9216 | D:12     | Noticed Frances
  9237 | D:12     | Killed Frances
  9238 | D:12     | Reached skill level 13 in Axes
  9385 | D:12     | Found an ancient bone altar of Kikubaaqudgha.
  9397 | D:12     | Killed a two-headed ogre
  9512 | D:12     | Reached **** piety under Beogh
  9801 | D:12     | Reached ***** piety under Beogh
  9847 | D:12     | Found an ancient bone altar of Kikubaaqudgha.
  9851 | D:12     | Gained Rocco as an ally
 10531 | Lair:1   | Entered Level 1 of the Lair of Beasts
 10753 | Lair:1   | Reached skill level 14 in Axes
 11424 | Lair:1   | Noticed Nergalle
 11584 | Lair:1   | Reached XP level 13. HP: 122/122 MP: 13/13
 12000 | Lair:2   | Identified the +3 leather armour "Behyom" {Dex+3}
 12049 | Lair:2   | Found a staircase to the Shoals.
 12300 | Lair:2   | Identified the +2 trident of the Shifting Gods {pain, rPois
                  | Will++}
 13043 | Lair:3   | Found a hole to the Spider Nest.
 13263 | Lair:3   | Noticed Urug
 13982 | Lair:4   | Gained Beowulf as an ally
 14128 | Lair:4   | Reached skill level 1 in Invocations
 14135 | Lair:4   | Reached skill level 15 in Axes
 14135 | Lair:4   | Reached skill level 1 in Dodging
 14301 | Lair:4   | Found a runed translucent door.
 14302 | Lair:4   | Found a shimmering altar of Xom.
 14302 | Lair:4   | Noticed Tang's ghost (journeyman VSBr)
 14302 | Lair:4   | Identified the +8 great mace "Rijot" {chaos, rN+ Dex+2}
 14342 | Lair:4   | Killed Tang's ghost
 14413 | Lair:4   | Found a runed translucent door.
 14423 | Lair:4   | Found a viscous altar of Jiyva.
 14424 | Lair:4   | Found a staircase to the Slime Pits.
 14985 | Lair:5   | Entered Level 5 of the Lair of Beasts
 15035 | Lair:5   | Reached skill level 5 in Invocations
 15035 | Lair:5   | Reached XP level 14. HP: 132/132 MP: 17/17
 15129 | Lair:5   | Your ally Beowulf died
 15149 | Lair:5   | Your ally Rocco died
 15739 | Lair:5   | Noticed a dire elephant
 15744 | Lair:5   | Reached ****** piety under Beogh
 15751 | Lair:5   | Killed a dire elephant
 16507 | D:13     | Demolished by a titanic slime creature

Illustrated notes

Levels and vault maps discovered:
D:1:      scummos_arrival_star, layout_loops_ring, ebering_ecumenical_altar_webs
D:2:      layout_basic, serial_shops, nicolae_shop_trees, minmay_misc_feat_tower
D:3:      layout_rooms, mainiacjoe_overflow_concentric_impassable,
          chequers_temple_overflow_statue_of_worship
D:4:      layout_rooms, nicolae_tso_swordbearing_angel, amcnicky_mini_pool_small
D:5:      layout_cave_pools, serial_shops, nicolae_shop_rolling_square,
          dilly_guarded_unrand_devastator
D:6:      layout_loops_corners
D:7:      layout_basic, minmay_temple_entry_statues_pillars,
          gammafunk_ghost_wrathful_warriors
D:8:      layout_loops_ring, uniq_maurice, uniq_pikel
D:9:      layout_irregular_city, lair_entry_dummy,
          minmay_orc_entry_temple_small, serial_column_ruins,
          column_ruins_square_medium, column_ruins_columns_dead_end,
          column_ruins_open_tiny_water, column_ruins_corridor_T,
          column_ruins_columns_corner, column_ruins_grid_1
D:10:     layout_basic, minitemple
D:11:     layout_basic, nzn_wu_jian_contemplation
D:12:     wander_kiku_kobolds, layout_loops_ring, kiku_gazebo_garden_becter,
          uniq_frances, uniq_gastronok
D:13:     layout_roguey, skrybe_vaults_entry_preservation
Lair:1:   layout_layer_cave, beast_lair_carwin_9, grunt_megastairs_3,
          uniq_nergalle
Lair:2:   layout_regular_city, minmay_shoals_entry_beasts
Lair:3:   layout_cave_pods, spider_nest_entry_rubble, lemuel_fruit_fields,
          uniq_urug
Lair:4:   layout_roguey, slime_entry_2, ebering_ghost_xom, serial_rivers,
          chequers_serial_rivers_micro_c, chequers_serial_rivers_micro_b,
          chequers_serial_rivers_marsh, chequers_serial_rivers_room_a,
          chequers_serial_rivers_small_3, chequers_serial_rivers_small_a, pond
Lair:5:   hangedman_lair_in_review, layout_cave_pods, guppyfry_lair_end_dragon,
          grunt_megastairs_2

Skill      XL: |  1  2  3  4  5  6  7  8  9 10 11 12 13 14 |
---------------+-------------------------------------------+-----
Axes           | 3 4 5 6 7 9 11 12 14 15 | 15.9
Fighting       | 4 5 6 7 9 10 11 13 14 | 14.8
Armour         | 4 5 6 8 9 11 12 13 | 13.7
Shields        | 4 5 6 8 9 11 12 13 | 13.7
Invocations    | 5 8 |  8.3
Dodging        | 2 3 |  3.5

Action                     |  1- 3 |  4- 6 |  7- 9 | 10-12 | 13-15 || total
---------------------------+-------+-------+-------+-------+-------++-------
  Melee: War axe           |    89 |    85 |       |       |       ||   174
         Battleaxe         |       |    10 |   133 |       |       ||   143
         Broad axe         |       |       |    23 |   529 |   299 ||   851
         Unarmed           |       |       |     1 |       |       ||     1
   Fire: Sling             |       |       |     9 |       |       ||     9
  Throw: Dart              |       |       |       |     6 |       ||     6
 Invoke: Convert to Beogh  |       |     1 |       |       |       ||     1
         Recall Orcish Fol |       |       |       |       |     1 ||     1
    Use: Scroll            |       |     7 |     5 |    18 |     6 ||    36
         Potion            |       |       |       |     2 |     2 ||     4
   Stab: Distracted        |       |       |       |     1 |     4 ||     5
 Armour: Scale mail        |    36 |    36 |    38 |       |       ||   110
         Ring mail         |       |       |    53 |       |       ||    53
         Plate armour      |       |       |     9 |   219 |   229 ||   457
  Dodge: Dodged            |    70 |    70 |   141 |   270 |   215 ||   766
  Block: Buckler           |    24 |    26 |     7 |   149 |   112 ||   318
